 Dungeon Crawl Stone Soup version 0.30-b1-5-g8e6c1be481 (webtiles) character file.

Game seed: 3659592086343357291

2775 Cheops the Grappler (level 9, -9/70 HPs)
             Began as a Ghoul Monk on May 4, 2023.
             Was a Priest of Wu Jian.
             Mangled by a very large slime creature (50 damage)
             ... on level 7 of the Dungeon.
             The game lasted 00:17:46 (6598 turns).

Cheops the Grappler (Ghoul Monk)                    Turns: 6598, Time: 00:17:47

Health: -9/70      AC: 15    Str: 19    XL:     9   Next: 70%
Magic:  0/8        EV:  9    Int:  5    God:    Wu Jian [***...]
Gold:   264        SH:  0    Dex: 11    Spells: 8/8 levels left

rFire   . .          .
                       - Unarmed
rCold   + . .        c - orb {light}
rNeg    + + +        j - +0 chain mail
rPois   ∞            k - +0 helmet
rElec   .            q - +0 cloak {Stlth+}
rCorr   .            x - +0 pair of gloves {infuse}
SInv    .            (no boots)
Will    .....        (no amulet) Stlth
                     f - +4 ring of protection
HPRegen 0.00/turn    (no ring)
MPRegen 0.11/turn

%: no passive effects
@: marked, inhibited regen, glowing
A: claws 1, cold resistance 1, negative energy resistance 3, inhibited
regeneration, torment resistance 2, devour on kill
a: Renounce Religion, Wall Jump, Serpent's Lash


You were on level 7 of the Dungeon.
You worshipped Wu Jian.
Wu Jian was most pleased with you.
You visited 2 branches of the dungeon, and saw 8 of its levels.

You collected 436 gold pieces.
You spent 172 gold pieces at shops.

Inventory:

Armour
 a - a +0 robe
 c - an orb of light (worn)
 j - a +0 chain mail (worn)
 k - a +0 helmet (worn)
 q - a +0 cloak of stealth (worn)
 x - a +0 pair of gloves of infusion (worn)
Jewellery
 f - a +4 ring of protection (left hand)
Wands
 o - a wand of iceblast (24)
 s - a wand of mindburst (8)
 C - a wand of flame (21)
Scrolls
 e - 6 scrolls of teleportation
 l - a scroll of fog {unknown}
 m - a scroll of vulnerability {unknown}
 p - 2 scrolls of acquirement {unknown}
 t - a scroll of torment {unknown}
 u - a scroll of enchant armour
 v - a scroll of silence
 y - a scroll of brand weapon {unknown}
 A - a scroll of poison
 B - a scroll of magic mapping {unknown}
 G - a scroll of identify
 H - a scroll of blinking {unknown}
Potions
 b - a potion of ambrosia
 d - 2 potions of magic {unknown}
 g - 5 potions of curing {unknown}
 h - a potion of degeneration {unknown}
 i - a potion of invisibility {unknown}
 n - 2 potions of berserk rage {unknown}
 r - a potion of brilliance {unknown}
 w - a potion of mutation {unknown}
 z - a potion of might {unknown}
 D - 2 potions of resistance {unknown}
 E - a potion of lignification {unknown}
 F - a potion of cancellation {unknown}


   Skills:
 - Level 3.2 Fighting
 + Level 6.5 Dodging
 * Level 12.7 Unarmed Combat


You had 8 spell levels left.
You didn't know any spells.
Your spell library contained the following spells:

 Spells                   Type           Power      Damage    Failure   Level
 Magic Dart               Conj           0%         1d3       99%         1
 Summon Small Mammal      Summ           0%         N/A       99%         1
 Searing Ray              Conj           0%         2d4       100%        2
 Call Canine Familiar     Summ           0%         N/A       100%        3
 Summon Guardian Golem    Hex/Summ       0%         N/A       100%        3
 Fulminant Prism          Conj/Hex       0%         3d5       100%        4


Dungeon Overview and Level Annotations

Branches:
Dungeon (7/15)             Temple (1/1) D:4

Altars:
Ashenzari
Cheibriados
Dithmenos
Fedhas
Gozag
Kikubaaqudgha
Nemelex Xobeh
Okawaru
Qazlal
Ru
Sif Muna
Uskayaw
Vehumet
Wu Jian
Xom
Yredelemnul

Shops:
D:5 *


Innate Abilities, Weirdness & Mutations

You are immune to poison.
You have sharp fingernails.
Your flesh is cold resistant. (rC+)
You are immune to negative energy. (rN+++)
You do not regenerate when monsters are visible.
You are immune to unholy pain and torment.
You thrive by killing the living.


Message History

You pummel the slime creature!!
The slime creature is severely wounded.
The slime creature closely misses you.
Two slime creatures merge to form a large slime creature.
You hit the large slime creature.
The large slime creature is moderately wounded.
The slime creature barely misses you.
You punch the large slime creature!
The large slime creature is heavily wounded.
You hit the large slime creature.
The large slime creature is heavily wounded.
Two slime creatures merge to form a very large slime creature.
The slime creature hits you.
You punch the very large slime creature!
The very large slime creature is heavily wounded.
The slime creature hits you but does no damage.
There are monsters nearby!
There are monsters nearby!
You spin and attack the black bear repeatedly.
You punch the black bear!
The black bear is moderately wounded.
You punch the black bear!
The black bear is heavily wounded.
A large slime creature comes into view.
The black bear closely misses you.
The black bear claws you but does no damage. x2
Aiming: Wall Jump
Press: ? - help, Dir - move target You repeatedly attack the slime creature from above.
You punch the slime creature!
The slime creature is moderately wounded.
You punch the slime creature!
The slime creature is heavily wounded.
You punch the slime creature!
The slime creature is heavily wounded.
The slime creature hits you!
The slime creature hits you but does no damage.
The very large slime creature hits you!!!
Ouch! That really hurt!
You die...

#.#. .... #...#... ....
#.##..# >.. #.##J###.#
.# ... #.#......#....
#.. ##...†# ###. #.##.#
#.###...h.###....##..).#
#.....°JJ.....##.. ###..
#.#..##@○###### #.##....
##. #○○########.......
#.##......##........#
#......##.....##....#
#...........#..#....#
#.....†###...........
#......##..###.......
#.........####.......
#..................#.


You could see a very large slime creature, a large slime creature, a slime
creature and a black bear.

Vanquished Creatures
  Maggie (D:7)
  Eustachio (D:6)
  Edmund (D:6)
  3 water moccasins
  An orc warrior (D:6)
  An ice beast (D:7)
  2 sky beasts
  2 black bears
  An ogre (D:5)
  A phantom (D:6)
  A kobold brigand (D:7)
  4 scorpions
  2 bullfrogs
  An electric eel (D:6)
  4 hounds
  2 orc priests
  Crazy Yiuf (D:2)
  A gnoll bouda (D:6)
  3 iguanas
  A sleepcap (D:5)
  Ijyb (D:3)
  Terence (D:2)
  7 orc wizards
  7 adders
  A shadow imp (D:6)
  A white imp (D:6)
  An ufetubus (D:5)
  3 worms
  A dart slug (D:5)
  21 orcs
  5 ball pythons
  6 endoplasms
  5 giant cockroaches
  4 goblins
  5 hobgoblins
  4 jackals (D:1)
  11 kobolds
  6 quokkas
  3 bats
  2 frilled lizards
  3 rats
132 creatures vanquished.

Notes
Turn   | Place    | Note
-------+----------+-------------------------------------------
     0 | D:1      | Cheops the Ghoul Monk began the quest for the Orb.
     0 | D:1      | Reached XP level 1. HP: 19/19 MP: 0/0
   154 | D:1      | Reached XP level 2. HP: 26/26 MP: 1/1
   211 | D:1      | Reached skill level 4 in Unarmed Combat
   402 | D:1      | Found a faded altar of an unknown god.
  1081 | D:2      | Reached XP level 3. HP: 31/31 MP: 2/2
  1120 | D:2      | Reached skill level 5 in Unarmed Combat
  1261 | D:2      | Identified the +4 trident of the Shouting Asp {venom, rN+
                  | Will+ Dex-5 Stlth+}
  1279 | D:2      | Reached XP level 4. HP: 32/38 MP: 3/3
  1336 | D:2      | Identified the +0 leather armour of Miofo {rPois rN+ Will+
                  | Str-4}
  1381 | D:2      | You fall into a shaft and drop 2 floors!
  1405 | D:4      | Noticed a sky beast
  1422 | D:4      | Killed a sky beast
  1423 | D:4      | Reached skill level 6 in Unarmed Combat
  1423 | D:4      | Reached XP level 5. HP: 9/45 MP: 4/4
  1866 | D:2      | Noticed Terence
  1871 | D:2      | Killed Terence
  1898 | D:2      | Found a runed translucent door.
  1899 | D:2      | Noticed Crazy Yiuf
  1980 | D:2      | Found a shadowy altar of Dithmenos.
  2122 | D:2      | Killed Crazy Yiuf
  2123 | D:2      | Reached skill level 7 in Unarmed Combat
  2218 | D:3      | Reached XP level 6. HP: 51/51 MP: 5/5
  2385 | D:3      | Noticed Ijyb
  2394 | D:3      | Killed Ijyb
  2722 | D:3      | Found a sparkling altar of Nemelex Xobeh.
  2865 | D:4      | Found a staircase to the Ecumenical Temple.
  2885 | Temple   | Entered the Ecumenical Temple
  3094 | Temple   | Became a worshipper of the Wu Jian Council
  3094 | Temple   | Reached * piety under Wu Jian
  3094 | Temple   | Reached ** piety under Wu Jian
  3305 | D:4      | Found a basalt altar of Yredelemnul.
  3425 | D:5      | Entered Level 5 of the Dungeon
  3506 | D:5      | Reached skill level 8 in Unarmed Combat
  3723 | D:5      | Reached XP level 7. HP: 44/57 MP: 6/6
  3862 | D:5      | Found Eveba's General Store.
  3879 | D:5      | Bought a +0 pair of gloves of infusion for 172 gold pieces
  4011 | D:5      | Reached skill level 9 in Unarmed Combat
  4252 | D:5      | Reached XP level 8. HP: 63/63 MP: 3/7
  4722 | D:6      | Noticed Edmund
  4730 | D:6      | Killed Edmund
  4903 | D:6      | Found an opulent altar of Gozag.
  4911 | D:6      | Found a snail-covered altar of Cheibriados.
  4911 | D:6      | Found a radiant altar of Vehumet.
  4913 | D:6      | Found a shadowy altar of Dithmenos.
  4949 | D:6      | Reached skill level 10 in Unarmed Combat
  5272 | D:6      | Found a shimmering altar of Xom.
  5404 | D:6      | Noticed Eustachio
  5411 | D:6      | Reached skill level 5 in Dodging
  5420 | D:6      | Reached skill level 11 in Unarmed Combat
  5422 | D:6      | Reached *** piety under Wu Jian
  5449 | D:6      | Reached XP level 9. HP: 45/70 MP: 0/8
  5481 | D:6      | Killed Eustachio
  6271 | D:7      | Noticed Maggie
  6281 | D:7      | Killed Maggie
  6282 | D:7      | Reached skill level 12 in Unarmed Combat
  6597 | D:7      | Noticed a large slime creature
  6598 | D:7      | Mangled by a very large slime creature

Illustrated notes

Levels and vault maps discovered:
D:1:      amcnicky_arrival_feature_with_door, layout_basic,
          ebering_ecumenical_altar_mist
D:2:      layout_loops_ring, basic_altar, uniq_terence, uniq_crazy_yiuf_cottage
D:3:      layout_rooms, nemelex_dance_club_becter, uniq_ijyb
D:4:      layout_rooms, mainiacjoe_overflow_alcove_2,
          minmay_temple_entry_gardened_gates
D:5:      layout_basic, serial_shops, shop, serial_park_tiny_pond
D:6:      minmay_chambers_of_threes, layout_loops_corners,
          lemuel_coloured_pillars_altar, minitemple, lightli_minifort,
          uniq_edmund, uniq_eustachio
D:7:      layout_rooms, feat_on_display, uniq_maggie
Temple:   minmay_temple_curvy_loop

Skill      XL: |  1  2  3  4  5  6  7  8  9 |
---------------+----------------------------+-----
Unarmed Combat | 4 5 6 7 8 9 11 12 | 12.7
Dodging        | 3 4 5 6 |  6.5
Fighting       | |  3.2

Action                     |  1- 3 |  4- 6 |  7- 9 || total
---------------------------+-------+-------+-------++-------
  Melee: Unarmed           |    57 |   129 |   245 ||   431
 Invoke: Serpent's Lash    |       |       |     1 ||     1
Ability: Lunge             |       |     5 |    13 ||    18
         Wall Jump         |       |       |    19 ||    19
         Whirlwind         |       |       |    12 ||    12
    Use: Scroll            |       |     3 |     1 ||     4
 Armour: Robe              |     5 |       |       ||     5
         Chain mail        |     4 |    59 |   146 ||   209
  Dodge: Dodged            |    28 |    32 |    88 ||   148
